 538 Aisha the Ruffian (level 7, -2/52 HPs)
             Began as a Mummy Monk on Sept 29, 2019.
             Was a Believer of Yredelemnul.
             Killed from afar by an orc wizard (13 damage)
             ... with a puff of flame
             ... on level 5 of the Dungeon.
             The game lasted 00:12:30 (7462 turns).

Aisha the Ruffian (Mummy Monk)                      Turns: 7462, Time: 00:12:30

Health: -2/52      AC:  3    Str: 17    XL:     7   Next: 5%
Magic:  7/7        EV: 13    Int: 11    God:    Yredelemnul [**....]
Gold:   218        SH:  0    Dex: 14    Spells: 4/6 levels left

rFire    x . .     SeeInvis .     - Unarmed
rCold    + . .     Gourm    .   (no shield)
rNeg     + + +     Faith    .   a - +0 robe
rPois    ∞         Spirit   .   (no helmet)
rElec    .         Reflect  .   (no cloak)
rCorr    .         Harm     .   (no gloves)
MR       .....                  f - +0 pair of boots
Stlth    ++........             (no amulet)
HPRegen  0.17/turn              (no ring)
MPRegen  0.10/turn              S - +2 ring of strength

@: no status effects
A: no food or potions, fire vulnerability, cold resistance 1, negative energy
resistance 3, torment resistance, unbreathing
a: Animate Remains, Recall Undead Slaves, Injury Mirror, Renounce Religion


Innate Abilities, Weirdness & Mutations

You do not eat or drink.
Your flesh is vulnerable to fire.
You are immune to poison.
Your flesh is cold resistant. (rC+)
You are immune to negative energy. (rN+++)
You are immune to unholy pain and torment.
You can survive without breathing.


   Skills:
 - Level 3.4 Fighting
 - Level 2.8 Dodging
 - Level 1.5 Stealth
 * Level 5.5 Unarmed Combat
 + Level 3.4 Necromancy


You had 4 spell levels left.
You knew the following spells:

 Your Spells              Type           Power        Failure   Level  Hunger
s - Animate Skeleton      Necr           N/A          9%          1    N/A
z - Pain                  Necr           #...         9%          1    N/A

Your spell library contained the following spells:

 Spells                   Type           Power        Failure   Level  Hunger
 Vampiric Draining        Necr           #.........   26%         3    N/A
 Animate Dead             Necr           N/A          65%         4    N/A
 Regeneration             Chrm/Necr      Unusable     N/A         3    N/A

Inventory:

Missiles
 g - 4 javelins (quivered)
Armour
 a - a +0 robe (worn)
 f - a +0 pair of boots (worn)
 h - a +0 shield
Jewellery
 S - a +2 ring of strength (right hand)
Scrolls
 b - 4 scrolls of identify {@r1}
 c - a scroll of fear
 d - a scroll of magic mapping {unknown}
 e - 2 scrolls of teleportation {@r4}
 i - a scroll of remove curse {@r2}
 j - a scroll of enchant armour {unknown}
 k - a scroll of silence {unknown}
 l - a scroll of immolation {unknown}
 m - a scroll of fog {unknown}


Message History

You hit the orc.
You kill the orc!
Yredelemnul accepts your kill. Something hits you.
The orc hits you with a +0 club.
You climb upwards.
Reactivating autopickup.
There is a stone staircase leading down here.
Unknown command.
Deactivating autopickup; reactivate with Ctrl-A.
You hit something. Something barely misses you.
The orc hits you with a +0 club.
* * * LOW HITPOINT WARNING * * *
Unknown command.
Something hits you.
* * * LOW HITPOINT WARNING * * *
You see here a leather armour.
Something hits you but does no damage.
You hear some strange, mumbled words.
You hear some strange, mumbled words.
A puff of flame appears from out of thin air!
The puff of flame hits you! The fire burns you terribly!
* * * LOW HITPOINT WARNING * * *
Something hits you but does no damage.
You see here a +0 flail.
An orc wizard appears from thin air!
Reactivating autopickup.
The orc wizard casts a spell at you. The puff of flame hits you!
The fire burns you terribly!
You die...
Yredelemnul claims you as an undead slave.

Skill      XL: |  1  2  3  4  5  6 |
---------------+-------------------+-----
Unarmed Combat | 3 4 5 |  5.5
Necromancy     | 1 2 3 |  3.4
Fighting       | |  3.4
Dodging        | |  2.8
Stealth        | |  1.5

Action                   |  1- 3 |  4- 6 |  7- 9 || total
-------------------------+-------+-------+-------++-------
Melee: Unarmed           |   163 |   302 |    22 ||   487
       Punch             |     6 |     7 |       ||    13
Throw: Javelin           |     1 |       |       ||     1
 Cast: Pain              |       |    18 |       ||    18
       Animate Skeleton  |       |     3 |       ||     3
  Use: Scroll            |     5 |       |     1 ||     6
 Stab: Sleeping          |       |       |     1 ||     1
Armor: Robe              |    30 |    34 |     5 ||    69
Dodge: Dodged            |   108 |   179 |    14 ||   301

Notes
Turn   | Place    | Note
-------+----------+-------------------------------------------
     0 | D:1      | Aisha the Mummy Monk began the quest for the Orb.
     0 | D:1      | Reached XP level 1. HP: 18/18 MP: 1/1
   176 | D:1      | Reached XP level 2. HP: 8/24 MP: 2/2
   873 | D:1      | Reached skill level 3 in Unarmed Combat
  1115 | D:2      | Noticed a +0 hand axe
  1116 | D:2      | Found a hide-covered altar of Uskayaw.
  1116 | D:2      | Noticed a +0 hand axe
  1145 | D:2      | Reached XP level 3. HP: 24/29 MP: 3/3
  1363 | D:2      | Noticed a scorpion
  2246 | D:3      | Learned a level 1 spell: Animate Skeleton
  2379 | D:3      | Found a burning altar of Makhleb.
  2381 | D:3      | Found a white marble altar of Elyvilon.
  2383 | D:3      | Found a shimmering altar of Xom.
  2385 | D:3      | Found a basalt altar of Yredelemnul.
  2387 | D:3      | Found a radiant altar of Vehumet.
  2426 | D:3      | Learned a level 1 spell: Pain
  2450 | D:3      | Became a worshipper of Yredelemnul the Dark
  2450 | D:3      | Reached * piety under Yredelemnul
  2450 | D:3      | Reached ** piety under Yredelemnul
  2989 | D:4      | Reached XP level 4. HP: 28/35 MP: 4/4
  3014 | D:4      | Noticed an ogre
  3041 | D:4      | Killed an ogre
  3041 | D:4      | Reached skill level 4 in Unarmed Combat
  3041 | D:4      | Reached skill level 1 in Necromancy
  3041 | D:4      | Reached XP level 5. HP: 19/41 MP: 2/5
  3234 | D:4      | Noticed an ogre
  4178 | D:3      | Reached skill level 2 in Necromancy
  5162 | D:4      | Reached XP level 6. HP: 20/47 MP: 0/6
  5348 | D:4      | Found Tacwuadgh's Magic Scroll Shoppe.
  5550 | D:5      | Entered Level 5 of the Dungeon
  5722 | D:5      | Reached skill level 5 in Unarmed Combat
  5802 | D:5      | Found a hazy altar of Hepliaklqana.
  5874 | D:5      | Reached skill level 3 in Necromancy
  5900 | D:5      | HP: 2/47 [iguana (10)]
  6323 | D:5      | Found an ornate altar of the Wu Jian Council.
  6348 | D:5      | Noticed a sky beast
  6767 | D:5      | Reached XP level 7. HP: 31/52 MP: 7/7
  7159 | D:5      | Found a staircase to the Ecumenical Temple.
  7288 | D:6      | Found Ocesmaff's Jewellery Emporium.
  7293 | D:6      | Bought a +2 ring of strength for 82 gold pieces
  7304 | D:6      | Found an ancient bone altar of Kikubaaqudgha.
  7462 | D:5      | Killed from afar by an orc wizard

Vanquished Creatures
  An ogre (D:4)
  2 crimson imps (D:5)
  2 orc priests (D:4)
  2 iguanas
  3 orc wizards
  2 worker ants (D:5)
  A howler monkey zombie (D:5)
  4 adders
  A shadow imp (D:5)
  An adder zombie (D:5)
  An adder skeleton (D:4)
  A dart slug (D:1)
  2 leopard geckos
  20 orcs
  3 bats
  6 giant cockroaches
  7 goblins
  3 hobgoblins
  3 jackals (D:1)
  6 kobolds
  3 quokkas (D:4)
  3 frilled lizards (D:1)
  9 rats
86 creatures vanquished.
